 Dungeon Crawl Stone Soup version 0.30.1-4-g462c640d31 (webtiles) character file.

Game seed: 1998820177804740575

584 Heoruswealwe the Shooter (level 6, -4/56 HPs)
             Began as a Demigod Hunter on Aug 16, 2023.
             Killed from afar by an electric eel (16 damage)
             ... with a bolt of electricity
             ... on level 5 of the Dungeon.
             The game lasted 00:33:39 (3579 turns).

Heoruswealwe the Shooter (Demigod Hunter)           Turns: 3579, Time: 00:33:40

Health: -4/56      AC:  5    Str: 12    XL:     6   Next: 91%
Magic:  8/8        EV: 12    Int: 11    God:
Gold:   328        SH:  0    Dex: 25    Spells: 3/5 levels left

rFire   + . .        a - +0 shortbow
rCold   . . .        (shield currently unavailable)
rNeg    . . .        c - +0 leather armour
rPois   .            g - +0 helmet
rElec   .            (no cloak)
rCorr   .            (no gloves)
SInv    .            e - +0 pair of boots
Will    .....        (no amulet)
Stlth   ++           k - ring of protection from fire
HPRegen 0.29/turn    (no ring)
MPRegen 0.11/turn

%: no passive effects
@: no status effects
A: high MP 1, forlorn, divine attributes
a: no special abilities


You were on level 5 of the Dungeon.
You visited 1 branch of the dungeon, and saw 5 of its levels.

You collected 328 gold pieces.

Inventory:

Hand Weapons
 a - a +0 shortbow (weapon)
 b - a +0 war axe of freezing
Armour
 c - a +0 leather armour (worn)
 e - a +0 pair of boots (worn)
 g - a +0 helmet (worn)
Jewellery
 k - a ring of protection from fire (left hand)
Wands
 n - a wand of mindburst (8)
 v - a wand of charming (11)
Scrolls
 d - a scroll of immolation
 h - 2 scrolls of poison
 j - 4 scrolls of teleportation
 q - 2 scrolls of blinking
 r - a scroll of magic mapping
 s - a scroll of fog {unknown}
 u - 2 scrolls of enchant weapon {unknown}
 x - a scroll of silence {unknown}
 y - a scroll of amnesia {unknown}
Potions
 f - a potion of degeneration {unknown}
 i - a potion of flight {unknown}
 l - 2 potions of attraction {unknown}
 m - 4 potions of brilliance {unknown}
 p - 2 potions of curing
 t - a potion of heal wounds {unknown}
 w - a potion of invisibility {unknown}


   Skills:
 + Level 5.2 Fighting
 + Level 6.1 Ranged Weapons
 - Level 1.7 Dodging
 - Level 0.8 Stealth


You had 3 spell levels left.
You knew the following spells:

 Your Spells              Type           Power      Damage    Failure   Level
a - Passwall              Tmut/Erth      0%         N/A       56%         2

Your spell library contained the following spells:

 Spells                   Type           Power      Damage    Failure   Level
 Blink                    Tloc           0%         N/A       56%         2
 Ensorcelled Hibernation  Hex/Ice        0%         N/A       56%         2
 Lesser Beckoning         Tloc           0%         N/A       56%         2
 Momentum Strike          Conj/Tloc      0%         3d8       56%         2
 Swiftness                Air            0%         N/A       80%         3


Dungeon Overview and Level Annotations

Branches:
Dungeon (5/15)             Temple (0/1) D:5


Innate Abilities, Weirdness & Mutations

You have an increased reservoir of magic. (+10% MP)
You shall have no god before yourself.
Your divine heritage dramatically boosts your attributes as you level up.


Message History

You shoot an arrow. The arrow hits the orc wizard!
You kill the orc wizard!
Your line of fire to the electric eel is blocked by a plant.
Your line of fire to the electric eel is blocked by a plant.
Your line of fire to the electric eel is blocked by a plant.
Your line of fire to the electric eel is blocked by a plant.
You start resting.
HP restored.
You shoot an arrow.
The arrow completely misses the electric eel.
The arrow hits the electric eel!
You kill the electric eel!
The electric eel shoots out a bolt of lightning at you!
The bolt of electricity hits you!
You shoot an arrow.
The arrow completely misses the electric eel.
The electric eel shoots out a bolt of lightning at you!
The bolt of electricity hits you!
The electric eel shoots out a bolt of lightning at you!
The bolt of electricity hits the plant!
The plant begins to die.
The bolt of electricity hits you!
You start resting.
An electric eel is nearby!
You start resting.
HP restored.
You shoot an arrow.
The arrow barely misses the electric eel.
The electric eel shoots out a bolt of lightning at you!
The bolt of electricity hits you! x2
You shoot an arrow.
The arrow barely misses the electric eel.
A howler monkey comes into view.
The electric eel shoots out a bolt of lightning at you!
The bolt of electricity hits you! x2
* * * LOW HITPOINT WARNING * * *
You are too injured to fight recklessly!
You are too injured to fight recklessly!
The electric eel shoots out a bolt of lightning at you!
The bolt of electricity hits you!
You die...

#######.#S~(P.. #~###.....# #. .#
#.#≈≈~.P. +#.##......#####. .#
##~##≈[.P. #..##...####.....
.#####~##########h###...#_'..####
....#~##≈$$S..##~~#.....######
.##.#~#≈≈~S....#~##........#
.##.#.#S~.P....#~##........######
.##.#.#≈≈$~~..)#.##..#.....#..)##
.##.#'##≈[... #.@#...###...###.##
.##....########.##........#.##.#.
.##...........###>.#.###..#.##.#.
.'...##.###....)..##.# #..#.##.'.
.##.###.# ###........# #..#.####.
.##.# #.# #.###.#### ####.# #.
.##.# #.# ##.##.# #.# #. .##.#
#.# ####.##.# #.# #. ###.# #.#
#....##.# #.# #.


You could see a howler monkey (wandering) and 2 electric eels.

Vanquished Creatures
  An ogre (D:5)
  A scorpion (D:4)
  A howler monkey (D:5)
  An electric eel (D:5)
  2 hounds (D:5)
  An orc priest (D:3)
  An iguana (D:5)
  3 orc wizards
  Robin (D:2)
  5 adders
  7 dart slugs
  8 orcs
  6 bats
  11 endoplasms
  2 giant cockroaches (D:1)
  11 goblins
  8 hobgoblins
  8 jackals
  7 kobolds
  4 quokkas
  11 ball pythons
  2 frilled lizards
  5 rats
107 creatures vanquished.

Notes
Turn   | Place    | Note
-------+----------+-------------------------------------------
     0 | D:1      | Heoruswealwe the Demigod Hunter began the quest for the
                  | Orb.
     0 | D:1      | Reached XP level 1. HP: 17/17 MP: 3/3
   165 | D:1      | Reached XP level 2. HP: 18/24 MP: 4/4
   233 | D:1      | Reached skill level 4 in Ranged Weapons
   325 | D:1      | Noticed a Brimstone Fiend
   516 | D:2      | Reached XP level 3. HP: 27/30 MP: 5/5
   939 | D:2      | Noticed Robin
   953 | D:2      | Killed Robin
   961 | D:2      | Reached XP level 4. HP: 23/38 MP: 6/6
  1306 | D:3      | Learned a level 2 spell: Passwall
  1576 | D:3      | Reached XP level 5. HP: 44/46 MP: 7/7
  1718 | D:3      | Reached skill level 5 in Ranged Weapons
  2021 | D:3      | You fall into a shaft and drop 2 floors!
  2021 | D:5      | Entered Level 5 of the Dungeon
  2031 | D:5      | Noticed an ogre
  2040 | D:5      | Killed an ogre
  2102 | D:4      | Reached XP level 6. HP: 53/53 MP: 8/8
  2950 | D:5      | Found a staircase to the Ecumenical Temple.
  3400 | D:5      | Reached skill level 5 in Fighting
  3400 | D:5      | Reached skill level 6 in Ranged Weapons
  3579 | D:5      | Killed from afar by an electric eel

Illustrated notes

Levels and vault maps discovered:
D:1:      dpeg_arrival_tiny_k, layout_rooms,
          dreamdust_ecumenical_altar_sealed_demon
D:2:      layout_loops_ring, uniq_robin
D:3:      layout_basic
D:4:      layout_loops_ring, fedhas_altar_2, kennysheep_mini
D:5:      cheibrodos_two_vegetables, layout_basic,
          ashenzari_conservatory_becter, minmay_temple_entry_trees

Skill      XL: |  1  2  3  4  5  6 |
---------------+-------------------+-----
Fighting       | 2 3 4 5 |  5.2
Ranged Weapons | 4 5 6 |  6.1
Dodging        | |  1.7
Stealth        | |  0.8

Action                     |  1- 3 |  4- 6 || total
---------------------------+-------+-------++-------
   Fire: Shortbow          |   113 |   172 ||   285
    Use: Scroll            |       |     5 ||     5
         Potion            |       |     1 ||     1
 Armour: Leather armour    |    16 |    28 ||    44
  Dodge: Dodged            |    22 |    44 ||    66
